 Dungeon Crawl Stone Soup version 0.18-a0-117-g77bb7e1 (webtiles) character file.

17191 Proton the Blocker (level 12, -4/97 HPs)
             Began as a Formicid Fighter on Nov 18, 2015.
             Was an Elder of Qazlal.
             Slain by a wyvern (14 damage)
             ... on level 13 of the Dungeon.
             The game lasted 00:38:23 (13877 turns).

Proton the Blocker (Formicid Fighter)              Turns: 13877, Time: 00:38:23

Health: -4/97      AC: 19    Str: 27    XL:     12   Next: 79%
Magic:  17/17      EV: 13    Int: 15    God:    Qazlal [****..]
Gold:   905        SH: 18    Dex: 10    Spells: 0 memorised, 11 levels left

rFire  . . .     SeeInvis +     a - +1 long sword
rCold  + . .     Clarity  +     k - +2 scale mail {rC+}
rNeg   + + .     SustAt   +     u - +0 shield "Qaimaicaoc" {rPois rN++ Int+6}
rPois  +         Gourm    .     (helmet unavailable)
rElec  .         Spirit   .     y - +2 cloak {MR+}
rCorr  .         Warding  .     s - +0 pair of gloves
rMut   .         Stasis   +     (no boots)
MR     ++...                    t - amulet of clarity
Stlth  ..........               (no ring)
                                o - ring of sustain attributes

@: lethally poisoned (-4 -> -8), repel missiles, very resistant to hostile
enchantments, extremely unstealthy
A: permanent stasis, dig shafts and tunnels, four strong arms, antennae 3,
iridescent scales 1, breathe flames 1, clever 1, deterioration 1, screaming 1,
wild magic 1
a: Dig, Shaft Self, Upheaval, Elemental Force, Renounce Religion, Breathe Fire


You were on level 13 of the Dungeon.
You worshipped Qazlal.
Qazlal was greatly pleased with you.
You were not hungry.

You visited 2 branches of the dungeon, and saw 14 of its levels.

You collected 905 gold pieces.

Inventory:

Hand Weapons
 a - a +1 long sword (weapon)
Missiles
 C - 7 javelins of returning (quivered)
Armour
 k - a +2 scale mail of cold resistance (worn)
 s - a +0 pair of gloves (worn)
 u - the +0 shield "Qaimaicaoc" (worn) {rPois rN++ Int+6}
   (You found it on level 5 of the Dungeon)

   It affects your intelligence (+6).
   It protects you from poison.
   It greatly protects you from negative energy.
 y - a +2 cloak of magic resistance (worn)
Rods
 F - a +0 lightning rod (7/11)
   (You took it off an orc priest on level 12 of the Dungeon)
Jewellery
 o - a ring of sustain attributes (left hand)
 t - an amulet of clarity (around neck)
Wands
 w - a wand of paralysis (14)
Scrolls
 b - 2 scrolls of immolation
 c - a scroll of enchant armour {unknown}
 f - 8 scrolls of remove curse
 h - 2 scrolls of recharging {unknown}
 n - 5 scrolls of noise {unknown}
 q - 4 scrolls of amnesia
 A - 2 scrolls of fear {unknown}
 B - 2 scrolls of identify
 D - a scroll of magic mapping {unknown}
Potions
 d - 2 potions of might
 g - 4 potions of brilliance
 j - a potion of heal wounds
 l - a potion of cure mutation
 p - 2 potions of lignification
 r - a potion of curing
 x - 2 potions of flight
 E - a potion of magic {unknown}
Books
 z - a book of the Tempests

   Spells                             Type                      Level
   a - Static Discharge               Conjuration/Air              3
   b - Lightning Bolt                 Conjuration/Air              5
   c - Fireball                       Conjuration/Fire             5
   d - Tornado                        Air                          9
   e - Shatter                        Earth                        9
Comestibles
 e - 5 bread rations
 i - 2 fruits
 m - 4 meat rations
 v - 4 beef jerkies


   Skills:
 + Level 10.1 Fighting
 + Level 9.0 Long Blades
 + Level 9.9 Armour
 + Level 7.3 Dodging
 + Level 11.0 Shields
 + Level 7.9 Invocations


You had 11 spell levels left.
You didn't know any spells.

Dungeon Overview and Level Annotations

Branches:
Dungeon (13/15)            Temple (1/1) D:7            Lair (0/8) D:11
    Orc (0/4) D:11
 Vaults: D:13-14

Altars:
Ashenzari
Cheibriados
Dithmenos
Elyvilon
Fedhas
Gozag
Kikubaaqudgha
Makhleb
Nemelex Xobeh
Okawaru
Qazlal
Ru
Sif Muna
Trog
Vehumet
Xom
Yredelemnul
Zin
The Shining One

Shops:
D:5 *   D:11 *

Annotations:
D:7 exclusion: ice statue
D:12 Erica


Innate Abilities, Weirdness & Mutations

You are under a permanent stasis effect.
You can dig through walls and to a lower floor.
Your four strong arms can wield two-handed weapons with a shield.
You have a pair of large antennae on your head (SInv).
You are partially covered in iridescent scales (AC +4).
You can breathe flames.
Your mind is acute. (Int +2)
Your body sometimes deteriorates upon taking damage.
You occasionally shout uncontrollably at your foes.
Your spells are a little harder to cast, but a little more powerful.


Message History

You are engulfed in roaring flames.
* * * LOW HITPOINT WARNING * * *
You feel sick. The fire crab breathes flames at you.
The blast of flame misses you.
You climb downwards.
A wyvern comes into view.
You feel sick.
Found a steel ring.
There is a stone staircase leading up here.
You have got your breath back.
You feel sick.
You hear an angry growl.
You hear a shout!
You hear a shout!
You hear a shout!
You hear a shout! x7
You feel sick.
You feel sick.
You hit the wyvern but do no damage.
You feel sick.
The wyvern bites you but does no damage.
You closely miss the wyvern.
You feel sick. The wyvern bites you!
You die...

..............
.....(........
.............. { {
........<.....
###########.........####
..........#.....#+###
.....§....#.....
......§..§#.....
.......@l.######
.....§.§.§.....
...=..§§.§.....
..#+####.#+#### . .# .#
{ .# .#


You could see a wyvern.

Vanquished Creatures
  Josephine (D:10)
  Urug (D:11)
  4 ugly things
  A guardian serpent (D:11)
  A centaur zombie (D:12)
  Joseph (D:7)
  A gargoyle (D:11)
  2 trolls
  A two-headed ogre (D:11)
  Grinder (D:3)
  A vampire (D:10)
  5 wraiths
  20 yaks
  A human (D:7)
  A wyvern (D:9)
  A shadow (D:12)
  A deep elf mage (D:10)
  A hog (D:7)
  A steam dragon (D:10)
  2 hippogriffs
  A soldier ant (D:9)
  A mottled dragon (D:11)
  An eye of draining (D:9)
  2 ice beasts
  A wasp (D:10)
  6 orc warriors
  8 phantoms
  4 ogres
  4 sky beasts
  A big kobold (D:7)
  3 necrophages
  13 centaurs
  Blork the orc (D:6)
  A crocodile (D:11)
  A gnoll sergeant (D:10)
  5 giant frogs
  4 scorpions
  2 water moccasin zombies
  7 wights
  8 killer bees
  4 crimson imps
  A giant frog zombie (D:11)
  4 hounds
  9 jellies
  7 iguanas
  Crazy Yiuf (D:7)
  A centaur skeleton (D:11)
  4 orc priests
  2 giant frog skeletons
  6 worker ants
  A quasit (D:12)
  9 orc wizards
  4 sheep
  A worker ant zombie (D:5)
  6 gnolls
  3 shadow imps
  8 adders
  2 adder zombies
  2 oozes (D:1)
  3 adder skeletons
  3 worms
  5 giant geckos
  47 orcs
  A ball python (D:3)
  9 giant cockroaches
  6 goblins
  5 hobgoblins
  8 jackals
  14 kobolds
  6 quokkas
  10 bats
  A giant gecko skeleton (D:4)
  7 giant newts
  A jackal zombie (D:5)
  10 rats
333 creatures vanquished.

Vanquished Creatures (others)
  A quokka (D:12)
1 creature vanquished.

Grand Total: 334 creatures vanquished

Notes
Turn   | Place    | Note
--------------------------------------------------------------
     0 | D:1      | Proton the Formicid Fighter began the quest for the Orb.
     0 | D:1      | Reached XP level 1. HP: 18/18 MP: 1/1
   120 | D:1      | Reached XP level 2. HP: 21/24 MP: 2/2
   300 | D:1      | Reached skill level 4 in Shields
   352 | D:1      | Reached XP level 3. HP: 24/29 MP: 3/3
  1056 | D:2      | Reached XP level 4. HP: 36/36 MP: 4/4
  1613 | D:3      | Reached skill level 5 in Shields
  1613 | D:3      | Reached XP level 5. HP: 30/42 MP: 5/5
  1921 | D:3      | Noticed Grinder
  1938 | D:3      | Killed Grinder
  1938 | D:3      | Reached skill level 1 in Dodging
  1938 | D:3      | Reached XP level 6. HP: 33/49 MP: 6/6
  2206 | D:4      | Reached XP level 7. HP: 33/55 MP: 7/7
  2216 | D:4      | Gained mutation: You have large cloven feet. [potion of mutation]
  2216 | D:4      | Gained mutation: You are frail (-10% HP). [potion of mutation]
  2216 | D:4      | Gained mutation: You can breathe flames. [potion of mutation]
  2292 | D:4      | HP: 2/49 [orc wizard/magic dart (4)]
  2297 | D:4      | HP: 1/49 [poisoned by an orc wizard]
  2644 | D:4      | Reached skill level 5 in Armour
  3417 | D:4      | Reached skill level 5 in Fighting
  3417 | D:4      | Reached skill level 6 in Shields
  3574 | D:5      | Entered Level 5 of the Dungeon
  3588 | D:5      | Reached XP level 8. HP: 52/55 MP: 8/8
  3672 | D:5      | Found an ancient bone altar of Kikubaaqudgha.
  3672 | D:5      | Found an iron altar of Okawaru.
  3676 | D:5      | Found a basalt altar of Yredelemnul.
  3676 | D:5      | Found a glowing silver altar of Zin.
  3678 | D:5      | Found a snail-covered altar of Cheibriados.
  3678 | D:5      | Found a deep blue altar of Sif Muna.
  3743 | D:5      | Got a spiked shield
  3754 | D:5      | Identified the cursed +0 shield "Qaimaicaoc" {rPois rN++ Int+6} (You found it on level 5 of the Dungeon)
  4170 | D:5      | Found Rauneki's General Store.
  4659 | D:6      | Noticed Blork the orc
  4669 | D:6      | Killed Blork the orc
  4669 | D:6      | Reached skill level 7 in Shields
  4697 | D:6      | Reached skill level 5 in Long Blades
  4697 | D:6      | Reached XP level 9. HP: 44/62 MP: 9/9
  5048 | D:7      | Noticed Joseph
  5987 | D:7      | You fall through a shaft for 3 floors!
  5987 | D:10     | Entered Level 10 of the Dungeon
  6395 | D:7      | Found a staircase to the Ecumenical Temple.
  6405 | Temple   | Entered the Ecumenical Temple
  6499 | Temple   | Became a worshipper of Qazlal Stormbringer
  6573 | D:7      | Killed Joseph
  6573 | D:7      | Reached skill level 8 in Shields
  6822 | D:7      | Reached XP level 10. HP: 65/71 MP: 10/10
  6939 | D:7      | Reached skill level 1 in Invocations
  7074 | D:7      | Noticed Crazy Yiuf
  7086 | D:7      | Killed Crazy Yiuf
  7247 | D:7      | Noticed an ice statue
  7261 | D:7      | Reached skill level 5 in Dodging
  7406 | D:8      | Found a shattered altar of Ashenzari.
  7477 | D:8      | Found a stormy altar of Qazlal.
  8113 | D:9      | Reached * piety under Qazlal
  8630 | D:9      | Found a bloodstained altar of Trog.
  8806 | D:8      | Reached skill level 9 in Shields
  8994 | D:10     | Noticed Josephine
  9006 | D:10     | Killed Josephine
  9006 | D:10     | Reached XP level 11. HP: 62/78 MP: 12/14
  9314 | D:10     | Reached skill level 5 in Invocations
  9933 | D:10     | Noticed a hill giant
 10188 | D:10     | Gained mutation: You are partially covered in iridescent scales (AC +4). [mutagenic meat]
 10189 | D:10     | Gained mutation: Your body sometimes deteriorates upon taking damage. [mutagenic meat]
 10190 | D:10     | Gained mutation: You occasionally shout uncontrollably at your foes. [mutagenic meat]
 10191 | D:10     | Lost mutation: You are frail (-10% HP). [mutagenic meat]
 10192 | D:10     | Lost mutation: You have large cloven feet. [mutagenic meat]
 10774 | D:11     | Noticed a white ugly thing
 10802 | D:11     | Killed a white ugly thing
 10889 | D:11     | Reached skill level 10 in Shields
 10973 | D:11     | Gained mutation: Your mind is acute. (Int +2) [mutagenic meat]
 10974 | D:11     | Gained mutation: Your spells are a little harder to cast, but a little more powerful. [mutagenic meat]
 11315 | D:11     | Found a staircase to the Lair.
 11370 | D:11     | Reached ** piety under Qazlal
 11566 | D:11     | Noticed Urug
 11591 | D:11     | Killed Urug
 11591 | D:11     | Reached XP level 12. HP: 73/95 MP: 16/16
 11922 | D:11     | You fall through a shaft for 2 floors!
 12223 | D:12     | Reached *** piety under Qazlal
 12829 | D:12     | Noticed a deep elf knight
 12829 | D:12     | Noticed Erica
 12874 | D:11     | Found a staircase to the Orcish Mines.
 13406 | D:11     | Found Toysam's Assorted Antiques.
 13656 | D:12     | Reached **** piety under Qazlal
 13725 | D:12     | Reached skill level 10 in Fighting
 13811 | D:12     | Reached skill level 11 in Shields
 13862 | D:12     | Noticed a fire crab
 13862 | D:12     | a harpy changed into a fire crab
 13877 | D:13     | Slain by a wyvern

Vault maps used:
D:1:      kilobyte_arrival_exit_the_forest
D:3:      uniq_grinder
D:4:      first_bread
D:5:      wad_river_or_something, grunt_temple_overflow_open,
          kennysheep_windowed_goal
D:6:      wad_floor_pattern_untrapped, uniq_blork_the_orc
D:7:      lemuel_ice_statue, minmay_temple_entry_metal_lava, grunt_livestock,
          uniq_crazy_yiuf_cottage, uniq_joseph
D:8:      nicolae_ashenzari_panopticon, nicolae_qazlal_general_emergency
D:9:      trog_butcher_becter
D:10:     uniq_josephine
D:11:     dpeg_lair_monsters, hiddenorc2_lemuel, serial_shops,
          nicolae_shop_overgrown_old_shop, hangedman_abyss_or_decor_clamps,
          serial_bayou_pond_c, kennysheep_crisscross,
          nrook_guardian_serpent_double, uniq_urug
D:12:     sword_in_stone
D:13:     erik_vaults_1
Temple:   circular_temple_12

Action                   |  1- 3 |  4- 6 |  7- 9 | 10-12 || total
-------------------------+-------+-------+-------+-------++-------
Melee: Long sword        |   114 |   188 |   455 |  1141 ||  1898
 Abil: Breathe Fire      |       |       |    15 |    31 ||    46
       Shaft Self        |       |       |     1 |     1 ||     2
       Dig               |       |       |       |     1 ||     1
  Use: Scroll            |       |       |    15 |     2 ||    17
       Potion            |       |       |     2 |     1 ||     3
  Eat: Bread ration      |     1 |       |     2 |     3 ||     6
       Pizza             |       |       |     1 |     9 ||    10
       Meat ration       |       |       |     2 |       ||     2
       Fruit             |       |       |     1 |     3 ||     4
       Chunk             |       |       |       |    11 ||    11
